 Dungeon Crawl Stone Soup version 0.27.1-33-g824d729ab1 (webtiles) character file.

Game seed: 4221776846969524443

321 Electrofox the Gusty (level 6, -1/45 HPs)
             Began as a Draconian Air Elementalist on Dec 2, 2021.
             Slain by a lemure (4 damage)
             ... led by Pikel
             ... on level 4 of the Dungeon.
             The game lasted 00:16:53 (3693 turns).

Electrofox the Gusty (Draconian Air Elementalist)   Turns: 3693, Time: 00:16:54

Health: -1/45      AC:  6    Str: 10    XL:     6   Next: 22%
Magic:  1/11       EV: 12    Int: 17    God:
Gold:   164        SH:  0    Dex: 12    Spells: 6/12 levels left

rFire    . . .     SeeInvis .   j - +2 mace (protect)
rCold    . . .     Faith    .   (no shield)
rNeg     . . .     Spirit   .   (armour unavailable)
rPois    .         Reflect  .   (helmet restricted)
rElec    .         Harm     .   (no cloak)
rCorr    .         Rampage  .   (no gloves)
Will     .....                  (no boots)
Stlth    ++........             (no amulet)
HPRegen  0.15/turn              (no ring)
MPRegen  0.12/turn              (no ring)

@: no status effects
A: AC +6, unfitting armour, cold-blooded
a: no special abilities


You were on level 4 of the Dungeon.
You visited 1 branch of the dungeon, and saw 4 of its levels.

You collected 164 gold pieces.

Inventory:

Hand Weapons
 b - a +0 dagger
 j - a +2 mace of protection (weapon)
Missiles
 k - 4 poisoned darts
Scrolls
 a - a scroll of amnesia {unknown}
 d - 2 scrolls of magic mapping {unknown}
 e - 2 scrolls of teleportation {unknown}
 f - 2 scrolls of identify {unknown}
 i - a scroll of enchant armour {unknown}
 l - a scroll of noise {unknown}
Potions
 c - 2 potions of heal wounds {unknown}
 g - a potion of ambrosia {unknown}
 h - a potion of lignification {unknown}
 m - a potion of invisibility {unknown}


   Skills:
 - Level 1.7 Dodging
 - Level 1.7 Stealth
 + Level 3.9 Spellcasting
 - Level 1.0 Conjurations
 * Level 5.9 Air Magic


You had 6 spell levels left.
You knew the following spells:

 Your Spells              Type           Power      Damage    Failure   Level
a - Shock                 Conj/Air       60%        1d6       3%          1
b - Static Discharge      Conj/Air       15%        N/A       6%          2
c - Swiftness             Air            23%        N/A       4%          3

Your spell library contained the following spells:

 Spells                   Type           Power      Damage    Failure   Level
 Airstrike                Air            11%        N/A       14%         4
 Gell's Gravitas          Tloc           1%         N/A       43%         3
 Lesser Beckoning         Tloc           1%         N/A       43%         3
 Teleport Other           Tloc           3%         N/A       43%         3


Dungeon Overview and Level Annotations

Branches:
Dungeon (4/15)
 Temple: D:4-7

Altars:
Makhleb

Shops:
D:1 ?

Annotations:
D:3 1 runed translucent door, Crazy Yiuf, Sigmund
D:4 exclusion: upstairs, Pikel


Innate Abilities, Weirdness & Mutations

Your plain brown scales are hard. (AC +6)
You cannot fit into any form of body armour.
You are cold-blooded and may be slowed by cold attacks.


Message History

Your body is wracked with pain!
A lemure comes into view.
Casting: Shock (safe; 4% risk of failure)
Confirm with . or Enter, or press ? or * to list all spells.
Aiming: Shock (safe; 4% risk of failure)
Press: ? - help, Shift-Dir - straight line, f/p - Menkaure
Aim: Menkaure (moderately damaged, fast, 85% to hit)
The zap hits Menkaure.
Menkaure is moderately damaged.
The lemure shouts!
You hear a shout!
A lemure comes into view.
Casting: Shock (safe; 4% risk of failure)
Confirm with . or Enter, or press ? or * to list all spells.
You miscast Static Discharge.
You are very lightly contaminated with residual magic.
Nothing appears to happen.
The lemure shouts!
Menkaure hits you!
Casting: Static Discharge (safe; 8% risk of failure)
Confirm with . or Enter, or press ? or * to list all spells.
Menkaure is struck by an arc of lightning.
Menkaure is heavily damaged.
The lightning grounds out.
Menkaure closely misses you. Menkaure hits you!
* * * LOW HITPOINT WARNING * * *
You hit Menkaure.
Your weapon exudes an aura of protection.
You tail-slap Menkaure.
Menkaure is almost destroyed.
Menkaure hits you but does no damage.
You hit Menkaure.
You destroy Menkaure!
Pikel the Slaver comes into view.
He is wielding a +2 whip of freezing.
You have reached level 6!
Your experience leads to an increase in your attributes!
Increase (S)trength, (I)ntelligence, or (D)exterity?
You feel clever.
Your scales feel tougher.
The lemure misses you.
Your magical contamination has completely faded away.
The lemure hits you.
You die...

...........†......
........<.#.##..$.
#.##........# ....
#.####..##........
#.# ##. .........
##>######
##.#.#..# #....<#
#.#.# . #.....#
....
#.@...#####.#.. .
#.55...K.....
#.5.....>...K
#.....#### #.....#
#)....# #.....#
#####.# #.#


You could see Pikel and 3 lemures.

Vanquished Creatures
  Menkaure (D:4)
  3 orc priests (D:3)
  A bullfrog skeleton (D:3)
  A hound skeleton (D:3)
  A gnoll (D:1)
  2 adders (D:3)
  A worm (D:4)
  An adder skeleton (D:4)
  A dart slug (D:3)
  4 orcs (D:3)
  3 ball pythons
  4 endoplasms
  A giant cockroach (D:3)
  2 goblins
  A hobgoblin (D:2)
  3 jackals (D:3)
  4 bats
  A frilled lizard (D:3)
  2 kobolds
  3 rats
40 creatures vanquished.

Notes
Turn   | Place    | Note
-------+----------+-------------------------------------------
     0 | D:1      | Electrofox the Draconian Air Elementalist began the quest
                  | for the Orb.
     0 | D:1      | Reached XP level 1. HP: 14/14 MP: 3/3
   681 | D:1      | Found Ykasan Coa's Magic Scroll Boutique.
   856 | D:1      | Reached XP level 2. HP: 20/20 MP: 1/5
  1282 | D:2      | Learned a level 2 spell: Static Discharge
  1539 | D:2      | Found a faded altar of an unknown god.
  2131 | D:3      | Reached XP level 3. HP: 26/26 MP: 0/6
  2202 | D:3      | Reached skill level 4 in Air Magic
  2202 | D:3      | Reached XP level 4. HP: 16/33 MP: 0/8
  2358 | D:3      | Noticed Sigmund
  2468 | D:3      | Found a runed translucent door.
  2469 | D:3      | Noticed Crazy Yiuf
  2715 | D:3      | Reached XP level 5. HP: 35/38 MP: 4/9
  3157 | D:3      | Found a burning altar of Makhleb.
  3171 | D:3      | Reached skill level 5 in Air Magic
  3522 | D:4      | Noticed Menkaure
  3604 | D:4      | Learned a level 3 spell: Swiftness
  3682 | D:4      | Noticed a lemure
  3683 | D:4      | Noticed a lemure
  3684 | D:4      | Noticed a lemure
  3686 | D:4      | HP: 1/38 [Menkaure (11)]
  3688 | D:4      | Killed Menkaure
  3688 | D:4      | Noticed Pikel
  3689 | D:4      | Reached XP level 6. HP: 2/45 MP: 0/11
  3693 | D:4      | Slain by a lemure

Illustrated notes

Levels and vault maps discovered:
D:1:      dpeg_arrival_ternary, layout_loops_ring, serial_shops,
          nicolae_shop_trees
D:2:      layout_loops_corners, shapermc_ecumenical_altar_acropolis
D:3:      layout_basic, mainiacjoe_overflow_paths, uniq_crazy_yiuf_cottage,
          uniq_sigmund
D:4:      minmay_razor_zed, layout_rooms, guppyfry_early_lair_pool, uniq_pikel,
          uniq_menkaure

Skill      XL: |  1  2  3  4  5 |
---------------+----------------+-----
Spellcasting   | 3 |  3.9
Air Magic      | 4 5 |  5.9
Dodging        | |  1.7
Stealth        | |  1.7
Conjurations   | |  1.0

Action                   |  1- 3 |  4- 6 || total
-------------------------+-------+-------++-------
Melee: Unarmed           |     3 |       ||     3
       Tailslap          |     3 |     5 ||     8
       Dagger            |    10 |     5 ||    15
       Mace              |       |    27 ||    27
 Cast: Shock             |    39 |    45 ||    84
       Static Discharge  |       |     1 ||     1
Armor: Skin              |     4 |    19 ||    23
Dodge: Dodged            |     5 |    23 ||    28
